 Dungeon Sprint DCSS version 0.17-a0-2127-g1cb09f6 (webtiles) character file.

98072 Kidiri the Imperceptible (level 14, -3/57 (59) HPs)
             Began as a Spriggan Enchanter on Oct 22, 2015.
             Was the Champion of Dithmenos.
             Slain by an azure jelly (18 damage)
             ... in the Dungeon (Sprint III: "The Ten Rune Challenge").
             The game lasted 01:04:48 (13078 turns).

Kidiri the Imperceptible (Spriggan Enchanter)      Turns: 13078, Time: 01:04:48

HP:   -3/57 (59)    AC:  9    Str:  4    XL:     14   Next: 92%
MP:   19/38         EV: 40    Int: 21    God:    Dithmenos [******]
Gold: 421           SH:  9    Dex: 23    Spells: 12 memorised, 3 levels left

rFire  . . .     SeeInvis +     z - +6 quick blade
rCold  + . .     Clarity  .     P - +2 robe {rC+ rF+}
rNeg   . . .     SustAt   .     p - +1 buckler
rPois  .         Gourm    .     n - +2 hat {MR+}
rElec  .         Spirit   .     o - +1 cloak {+Inv}
rCorr  .         Warding  .     (gloves unavailable)
rMut   .         NoTele   +     (boots unavailable)
MR     ++++.                    (no amulet)
Stlth  ++++++++++               b - +2 ring of intelligence
                                h - ring "Byvuarog" {rF- MR+ Dex+4}

@: very slightly contaminated, wreathed by umbra, very quick, incredibly
resistant to hostile enchantments, uncannily stealthy
A: unfitting armour, beak, talons 1, see invisible, herbivore 3, speed 3, slow
metabolism 2
a: Shadow Step, Shadow Form, Renounce Religion, Evoke Invisibility
}: 2/10 runes: decaying, barnacled


You were in the Dungeon.
You worshipped Dithmenos.
Dithmenos was exalted by your worship.
You were not hungry.

You visited 1 branch You collected 1987 gold pieces.
You spent 1566 gold pieces at shops.

Inventory:

Hand Weapons
 z - a +6 quick blade (weapon)
Missiles
 D - 2 throwing nets (quivered)
Armour
 n - a +2 hat of magic resistance (worn)
 o - a +1 cloak of invisibility (worn)
 p - a +1 buckler (worn)
 P - a +2 robe of resistance (worn)
Jewellery
 b - a +2 ring of intelligence (right hand)
 h - the ring "Byvuarog" (left hand) {rF- MR+ Dex+4}
   (You found it in the Dungeon)

   [ring of protection from magic]

   It affects your dexterity (+4).
   It makes you vulnerable to fire.
   It affects your resistance to hostile enchantments.
Wands
 B - a wand of heal wounds (8)
 L - a wand of digging (9)
Scrolls
 a - 2 scrolls of silence
 e - 3 scrolls of amnesia
 j - a scroll of blinking
 l - 4 scrolls of remove curse
Potions
 c - a potion of invisibility
 g - 2 potions of haste
 k - 3 potions of flight
 m - a potion of brilliance
 u - 4 potions of cure mutation
 v - 3 potions of lignification
 x - a potion of resistance
 A - a potion of curing
Comestibles
 t - 2 fruits
 w - 23 royal jellies
 I - a bread ration


   Skills:
 * Level 17.6 Short Blades
 + Level 9.2 Armour
 * Level 21.7 Dodging
 * Level 23.4 Stealth
 + Level 4.7 Shields
 * Level 19.0 Spellcasting
 + Level 9.2 Conjurations
 + Level 14.2 Hexes
 + Level 9.0 Translocations
 + Level 8.3 Transmutations
 + Level 9.9 Ice Magic
 + Level 3.8 Air Magic
 + Level 5.7 Earth Magic
 + Level 4.2 Poison Magic
 - Level 5.1 Invocations
 - Level 12.8 Evocations


You had 3 spell levels left.
You knew the following spells:

 Your Spells              Type           Power        Failure   Level  Hunger
a - Corona                Hex            ######.      0%          1    None
b - Ensorcelled Hibernat  Hex/Ice        ######       1%          2    None
c - Confuse               Hex            ######..     1%          3    None
d - Tukima's Dance        Hex            ######..     1%          3    None
e - Dazzling Spray        Conj/Hex       ######..     1%          3    None
f - Passwall              Trmt/Erth      #####.....   1%          3    None
g - Passage of Golubria   Tloc           N/A          1%          4    None
h - Lee's Rapid Deconstr  Erth           #####.....   12%         5    None
i - Darkness              Hex            ######....   1%          6    ####...
j - Invisibility          Hex            ######..     1%          6    ####...
k - Bolt of Cold          Conj/Ice       ######....   12%         6    ####...
l - Poisonous Cloud       Conj/Pois/Air  #####.....   43%         6    ####...


Dungeon Overview and Level Annotations

Branches:
Dungeon (1/1)

Altars:
Cheibriados
Dithmenos
Elyvilon
Fedhas
Gozag
Kikubaaqudgha
Makhleb
Nemelex Xobeh
Okawaru
Qazlal
Ru
Sif Muna
Trog
Vehumet
Xom
Yredelemnul
Zin
The Shining One
Beogh
Jiyva
Lugonu

Shops:
D (!=%[?:!?*:!=?%[}?(

Annotations:
D exclusion: 2 statues


Innate Abilities, Weirdness & Mutations

You are tiny and cannot use many weapons and most armour.
You have supernaturally acute eyesight.
You are a herbivore.
You cover ground extremely quickly.
You need consume almost no food.
You have a beak for a mouth.
You have sharp toenails.


Message History

Confirm with . or Enter, or press ? or * to list all spells.
Aiming: Dazzling Spray
Press: ? - help, Shift-Dir - straight line, f/p - azure jelly
Aim: an azure jelly (black smoke, almost dead, umbra)
You miscast Dazzling Spray.
You are very lightly contaminated with residual magic.
Nothing appears to happen.
The azure jelly completely misses you. You block the azure jelly's attack.
The azure jelly completely misses you. The azure jelly completely misses you.
Casting: Dazzling Spray
Confirm with . or Enter, or press ? or * to list all spells.
Aiming: Dazzling Spray
Press: ? - help, Shift-Dir - straight line, f/p - azure jelly
Aim: an azure jelly (black smoke, severely wounded, umbra)
The spray of energy misses the azure jelly.
You open the door. You block the azure jelly's attack.
The azure jelly hits you.
* * * LOW HITPOINT WARNING * * *
The azure jelly freezes you!! You resist.
You die...

▓.................#___
▓▓▓▓▓▓▓▓▓▓▓▓▓▓▓▓▓▓▓▓▓▓
▓...+≈≈≈≈≈§≈≈≈♣♣.....
▓..P#≈≈≈§≈§≈≈.♣♣.≈≈≈≈
▓.PP#≈≈≈§§§≈≈≈.'.....
▓..P#≈..§.≈≈≈≈♣♣♣♣♣♣♣
▓...#≈≈§§≈§.≈.♣
▓##'####§#######♣ ♣
▓...@J.§§§§§§...♣♣ ♣
▓#'#############'♣ ♣
▓...#≈...........♣
▓...'≈≈...########♣♣
▓J..#≈≈≈...........♣
▓JJ.#≈≈≈≈..........♣
#+#############+#####
**,****** ▓≈≈≈≈≈≈
**,*,,,*** ▓≈≈≈≈≈≈


You could see 4 azure jellies.

Vanquished Creatures
  Norris (D)
  A lich (D)
  Rupert (D)
  A deep elf blademaster (D)
  Polyphemus (D)
  Gastronok (D)
  Harold (D)
  Chuck (D)
  2 shadow dragons (D)
  Ilsuiw (D)
  Maud (D)
  4 deep elf annihilators (D)
  A vampire knight (D)
  2 dire elephants (D)
  A merfolk javelineer (D)
  2 deep elf death magi (D)
  A fire dragon (D)
  Josephine (D)
  A yaktaur captain (D)
  3 hydras (D)
  4 ice dragons (D)
  2 centaur warriors (D)
  4 dancing weapons (D)
  An ogre mage (D)
  4 death yaks (D)
  4 orc high priests (D)
  A deep troll (shapeshifter) (D)
  An unseen horror (D)
  3 deep elf knights (D)
  A spriggan druid (D)
  A sea snake (D)
  An obsidian statue (D)
  A death drake (D)
  A lindwurm (shapeshifter) (D)
  A deep elf conjurer (D)
  Joseph (D)
  A mana viper (shapeshifter) (D)
  A lindwurm (D)
  5 ugly things (D)
  An orc sorcerer (D)
  4 crystal guardians (D)
  2 elephants (D)
  A guardian serpent (shapeshifter) (D)
  2 black mambas (D)
  2 spiny frogs (D)
  An orange crystal statue (D)
  A spiny frog (shapeshifter) (D)
  A komodo dragon (D)
  5 guardian mummies (D)
  A deep elf priest (D)
  A fire drake (D)
  3 wandering mushrooms (D)
  A queen bee (D)
  4 spriggan defenders (D)
  4 slime creatures (D)
  8 blink frogs (D)
  A shadow (D)
  2 spriggans (D)
  3 redbacks (D)
  A spatial vortex (D)
  A hydra simulacrum (D)
  A swamp drake (D)
  2 orc warriors (D)
  A necrophage (D)
  2 centaurs (D)
  An earth elemental (D)
  2 brain worms (D)
  A water elemental (D)
  32 killer bees (D)
  An electric eel (D)
  Crazy Yiuf (D)
  5 orc priests (D)
  A jelly (D)
  Jessica (D)
  4 necromancers (D)
  A wizard (D)
  3 sheep (D)
  3 humans (D)
  A kobold demonologist (D)
  2 swamp drake simulacra (D)
  2 adder zombies (D)
  An adder simulacrum (D)
  9 orcs (D)
  2 bat zombies (D)
  A bat simulacrum (D)
  A quokka simulacrum (D)
  3 rats (D)
  8 bushes (D)
  4 plants (D)
212 creatures vanquished.

Vanquished Creatures (collateral kills)
  A vampire knight (D)
  A deep elf knight (D)
  An orc warrior (D)
3 creatures vanquished.

Vanquished Creatures (others)
  2 draconian scorchers (D)
  3 dancing weapons (D)
  3 yaktaurs (D)
  9 plants (D)
17 creatures vanquished.

Grand Total: 232 creatures vanquished

Notes
Turn   | Place    | Note
--------------------------------------------------------------
     0 | D        | Kidiri the Spriggan Enchanter began the quest for the Orb.
     0 | D        | Reached XP level 1. HP: 9/9 MP: 5/5
    30 | D        | Killed a yaktaur
    48 | D        | Killed a yaktaur
    74 | D        | Noticed Jessica
    89 | D        | Killed Jessica
    89 | D        | Reached skill level 1 in Armour
    89 | D        | Reached skill level 6 in Stealth
    89 | D        | Reached XP level 2. HP: 11/13 MP: 5/8
    96 | D        | Learned a level 2 spell: Ensorcelled Hibernation
   157 | D        | Reached skill level 5 in Dodging
   157 | D        | Reached XP level 3. HP: 12/16 MP: 4/9
   184 | D        | Killed a white draconian scorcher
   205 | D        | Learned a level 3 spell: Confuse
   209 | D        | Learned a level 3 spell: Dazzling Spray
   225 | D        | Noticed Crazy Yiuf
   233 | D        | Killed Crazy Yiuf
   233 | D        | Reached skill level 7 in Stealth
   233 | D        | Reached skill level 1 in Ice Magic
   233 | D        | Reached XP level 4. HP: 21/21 MP: 5/11
   263 | D        | Learned a level 3 spell: Tukima's Dance
   288 | D        | Gained mutation: You are dopey. (Int -2) [potion of mutation]
   288 | D        | Gained mutation: Your muscles are strong. (Str +2) [potion of mutation]
   288 | D        | Gained mutation: You are agile. (Dex +2) [potion of mutation]
   289 | D        | Gained mutation: You tend to lose your temper in combat. [potion of mutation]
   289 | D        | Gained mutation: Your flesh is heat resistant. [potion of mutation]
   290 | D        | Gained mutation: You have sharp toenails. [potion of mutation]
   290 | D        | Lost mutation: You are agile. (Dex +2) [potion of mutation]
   291 | D        | Gained mutation: You have a beak for a mouth. [potion of mutation]
   291 | D        | Gained mutation: Your body sometimes deteriorates upon taking damage. [potion of mutation]
   292 | D        | Lost mutation: Your muscles are strong. (Str +2) [potion of cure mutation]
   292 | D        | Lost mutation: You are dopey. (Int -2) [potion of cure mutation]
   292 | D        | Lost mutation: You tend to lose your temper in combat. [potion of cure mutation]
   292 | D        | Lost mutation: Your flesh is heat resistant. [potion of cure mutation]
   292 | D        | Lost mutation: Your body sometimes deteriorates upon taking damage. [potion of cure mutation]
   325 | D        | Noticed a water elemental
   347 | D        | Killed a white draconian scorcher
   349 | D        | Killed a water elemental
   349 | D        | Reached skill level 5 in Spellcasting
   349 | D        | Reached skill level 5 in Hexes
   349 | D        | Reached skill level 1 in Evocations
   449 | D        | Noticed a jelly
   450 | D        | Noticed a shadow
   452 | D        | Killed a shadow
   452 | D        | Reached skill level 5 in Short Blades
   452 | D        | Reached skill level 8 in Dodging
   452 | D        | Reached skill level 9 in Stealth
   452 | D        | Reached skill level 1 in Conjurations
   452 | D        | Reached XP level 5. HP: 24/24 MP: 13/15
   452 | D        | Reached XP level 6. HP: 28/28 MP: 13/16
   454 | D        | Killed a jelly
   495 | D        | Found a stormy altar of Qazlal.
   496 | D        | Found a sacrificial altar of Ru.
   496 | D        | Found a burning altar of Makhleb.
   496 | D        | Found a viscous altar of Jiyva.
   496 | D        | Found a shimmering altar of Xom.
   496 | D        | Found a shadowy altar of Dithmenos.
   496 | D        | Found a sparkling altar of Nemelex Xobeh.
   496 | D        | Found a corrupted altar of Lugonu.
   496 | D        | Found an opulent altar of Gozag.
   496 | D        | Noticed a spatial vortex
   500 | D        | Became a worshipper of Dithmenos the Shadowed
   530 | D        | Killed a spatial vortex
   530 | D        | Reached skill level 10 in Stealth
   530 | D        | Reached skill level 1 in Invocations
   682 | D        | Found a radiant altar of Vehumet.
   683 | D        | Found a deep blue altar of Sif Muna.
   683 | D        | Found an ancient bone altar of Kikubaaqudgha.
   683 | D        | Noticed a wizard
   684 | D        | Killed a wizard
   782 | D        | Found a glowing silver altar of Zin.
   786 | D        | Found a glowing golden altar of the Shining One.
   786 | D        | Found a white marble altar of Elyvilon.
   786 | D        | Noticed a deep elf priest
   788 | D        | Killed a deep elf priest
   788 | D        | Reached * piety under Dithmenos
   788 | D        | Reached XP level 7. HP: 32/32 MP: 15/19
   802 | D        | Found an iron altar of Okawaru.
   803 | D        | Found a bloodstained altar of Trog.
   803 | D        | Noticed a human
   803 | D        | Noticed a human
   809 | D        | Killed a human
   809 | D        | Reached skill level 10 in Dodging
   809 | D        | Reached skill level 11 in Stealth
   809 | D        | Reached skill level 5 in Evocations
   818 | D        | Killed a human
  1031 | D        | Found a snail-covered altar of Cheibriados.
  1031 | D        | Noticed a necrophage
  1032 | D        | Found a basalt altar of Yredelemnul.
  1032 | D        | Found a blossoming altar of Fedhas.
  1032 | D        | Noticed a necromancer
  1033 | D        | Killed a necrophage
  1033 | D        | Reached ** piety under Dithmenos
  1033 | D        | Reached XP level 8. HP: 36/36 MP: 19/22
  1034 | D        | Killed a necromancer
  1179 | D        | Noticed Josephine
  1182 | D        | Killed Josephine
  1182 | D        | Reached skill level 12 in Stealth
  1201 | D        | Noticed an earth elemental
  1204 | D        | Killed an earth elemental
  1204 | D        | Reached skill level 10 in Spellcasting
  1370 | D        | Noticed a centaur
  1370 | D        | Noticed a centaur warrior
  1370 | D        | Noticed a centaur
  1373 | D        | Killed a centaur warrior
  1373 | D        | Reached skill level 13 in Stealth
  1373 | D        | Reached XP level 9. HP: 39/39 MP: 21/24
  1374 | D        | Killed a centaur
  1374 | D        | Reached *** piety under Dithmenos
  1375 | D        | Killed a centaur
  1521 | D        | Noticed an unseen horror
  1523 | D        | Killed an unseen horror
  1534 | D        | Noticed a killer bee
  1534 | D        | Noticed a queen bee
  1534 | D        | Noticed a killer bee
  1534 | D        | Noticed a killer bee
  1534 | D        | Noticed a killer bee
  1534 | D        | Noticed a killer bee
  1534 | D        | Noticed a killer bee
  1534 | D        | Noticed a killer bee
  1534 | D        | Noticed a killer bee
  1534 | D        | Noticed a killer bee
  1534 | D        | Noticed a killer bee
  1534 | D        | Noticed a killer bee
  1534 | D        | Noticed a killer bee
  1534 | D        | Noticed a killer bee
  1534 | D        | Noticed a killer bee
  1535 | D        | Noticed a killer bee
  1535 | D        | Noticed a killer bee
  1535 | D        | Noticed a killer bee
  1535 | D        | Noticed a killer bee
  1535 | D        | Noticed a killer bee
  1535 | D        | Noticed a killer bee
  1535 | D        | Noticed a killer bee
  1535 | D        | Noticed a killer bee
  1535 | D        | Noticed a killer bee
  1535 | D        | Noticed a killer bee
  1535 | D        | Noticed a killer bee
  1535 | D        | Noticed a killer bee
  1535 | D        | Noticed a killer bee
  1535 | D        | Noticed a killer bee
  1535 | D        | Noticed a killer bee
  1535 | D        | Noticed a killer bee
  1535 | D        | Noticed a killer bee
  1535 | D        | Noticed a killer bee
  1536 | D        | Killed a killer bee
  1537 | D        | Killed a killer bee
  1539 | D        | Killed a queen bee
  1539 | D        | Reached **** piety under Dithmenos
  1539 | D        | Reached skill level 14 in Stealth
  1543 | D        | Killed a killer bee
  1543 | D        | Reached skill level 5 in Invocations
  1544 | D        | Killed a killer bee
  1544 | D        | Killed a killer bee
  1546 | D        | Killed a killer bee
  1547 | D        | Killed a killer bee
  1547 | D        | Reached skill level 10 in Short Blades
  1547 | D        | Killed a killer bee
  1547 | D        | Reached ***** piety under Dithmenos
  1552 | D        | Killed a killer bee
  1552 | D        | Reached XP level 10. HP: 33/44 MP: 0/26
  1554 | D        | Killed a killer bee
  1557 | D        | Killed a killer bee
  1557 | D        | Reached skill level 5 in Ice Magic
  1589 | D        | Killed a killer bee
  1768 | D        | Killed a killer bee
  1774 | D        | Killed a killer bee
  1775 | D        | Killed a killer bee
  1780 | D        | Killed a killer bee
  1784 | D        | Killed a killer bee
  1786 | D        | Killed a killer bee
  1786 | D        | Reached skill level 5 in Armour
  1792 | D        | Killed a killer bee
  1797 | D        | Killed a killer bee
  1803 | D        | Killed a killer bee
  1803 | D        | Reached ****** piety under Dithmenos
  1806 | D        | Killed a killer bee
  1810 | D        | Killed a killer bee
  1814 | D        | Killed a killer bee
  1815 | D        | Killed a killer bee
  1820 | D        | Killed a killer bee
  1829 | D        | Killed a killer bee
  1832 | D        | Killed a killer bee
  1961 | D        | Killed a killer bee
  1965 | D        | Killed a killer bee
  1965 | D        | Killed a killer bee
  1967 | D        | Killed a killer bee
  2089 | D        | Noticed a wandering mushroom
  2097 | D        | Killed a wandering mushroom
  2183 | D        | Noticed a wandering mushroom
  2184 | D        | Noticed a wandering mushroom
  2185 | D        | Killed a wandering mushroom
  2188 | D        | Killed a wandering mushroom
  2216 | D        | Noticed a spiny frog
  2216 | D        | Noticed a komodo dragon
  2216 | D        | Noticed a spiny frog
  2219 | D        | Killed a spiny frog
  2219 | D        | Reached skill level 15 in Stealth
  2221 | D        | Killed a komodo dragon
  2222 | D        | Killed a spiny frog
  2226 | D        | Noticed a redback
  2230 | D        | Killed a redback
  2231 | D        | Noticed a brain worm
  2237 | D        | Killed a brain worm
  2237 | D        | Reached skill level 5 in Conjurations
  2249 | D        | Noticed a brain worm
  2251 | D        | Killed a brain worm
  2256 | D        | Noticed a lindwurm
  2258 | D        | Noticed a redback
  2261 | D        | Killed a lindwurm
  2264 | D        | Killed a redback
  2282 | D        | Noticed a redback
  2285 | D        | Killed a redback
  2313 | D        | Noticed Maud
  2315 | D        | Killed Maud
  2315 | D        | Reached skill level 16 in Stealth
  2315 | D        | Reached XP level 11. HP: 47/47 MP: 27/29
  2427 | D        | Noticed an electric eel
  2430 | D        | Noticed a four-headed hydra
  2430 | D        | Noticed a four-headed hydra
  2432 | D        | Killed an electric eel
  2434 | D        | Killed a four-headed hydra
  2434 | D        | Reached skill level 15 in Dodging
  2435 | D        | Killed a four-headed hydra
  2435 | D        | Reached skill level 10 in Hexes
  2503 | D        | Noticed a death drake
  2505 | D        | Killed a death drake
  2547 | D        | Noticed an ice dragon
  2551 | D        | Killed an ice dragon
  2551 | D        | Reached skill level 10 in Evocations
  2552 | D        | Found Simek's Antique Armour Emporium.
  2552 | D        | Found Ryuh's Magic Scroll Shop.
  2552 | D        | Found Kiuplos's Book Shoppe.
  2552 | D        | Noticed an ice dragon
  2552 | D        | Noticed an ice dragon
  2583 | D        | Killed an ice dragon
  2735 | D        | Killed an ice dragon
  2735 | D        | Reached skill level 17 in Stealth
  2818 | D        | Noticed an ice dragon
  2832 | D        | Killed an ice dragon
  2972 | D        | Noticed a five-headed hydra
  2972 | D        | Noticed an eight-headed hydra simulacrum
  2974 | D        | Killed a five-headed hydra
  2977 | D        | Killed an eight-headed hydra simulacrum
  2979 | D        | Got a decaying rune of Zot
  3170 | D        | Found a blossoming altar of Fedhas.
  3170 | D        | Noticed a spriggan
  3170 | D        | Noticed a spriggan druid
  3170 | D        | Noticed a spriggan
  3172 | D        | Killed a spriggan druid
  3173 | D        | Killed a spriggan
  3174 | D        | Killed a spriggan
  3219 | D        | Noticed a swamp drake
  3219 | D        | Noticed a fire drake
  3220 | D        | Killed a fire drake
  3223 | D        | Killed a swamp drake
  3243 | D        | Noticed a blink frog
  3243 | D        | Noticed a blink frog
  3244 | D        | Noticed a blink frog
  3245 | D        | Noticed a blink frog
  3246 | D        | Killed a blink frog
  3247 | D        | Noticed a blink frog
  3248 | D        | Killed a blink frog
  3251 | D        | Killed a blink frog
  3252 | D        | Killed a blink frog
  3258 | D        | Killed a blink frog
  3326 | D        | Noticed Rupert
  3328 | D        | Killed Rupert
  3328 | D        | Reached skill level 18 in Stealth
  3328 | D        | Reached XP level 12. HP: 51/51 MP: 26/31
  3353 | D        | Noticed a death yak
  3354 | D        | Noticed a death yak
  3354 | D        | Noticed a blink frog
  3356 | D        | Noticed a blink frog
  3357 | D        | Noticed a blink frog
  3357 | D        | Killed a blink frog
  3358 | D        | Noticed a death yak
  3359 | D        | Noticed a death yak
  3365 | D        | Killed a death yak
  3370 | D        | Killed a death yak
  3515 | D        | Noticed a black mamba
  3517 | D        | Killed a black mamba
  3526 | D        | Noticed a black mamba
  3534 | D        | Killed a death yak
  3534 | D        | Reached skill level 15 in Spellcasting
  3774 | D        | Killed a blink frog
  3774 | D        | Killed a blink frog
  3776 | D        | Killed a black mamba
  3778 | D        | Killed a death yak
  3778 | D        | Reached skill level 19 in Stealth
  3781 | D        | Noticed an azure jelly
  3781 | D        | Noticed an azure jelly
  3782 | D        | Noticed an azure jelly
  3782 | D        | Noticed an azure jelly
  3847 | D        | Noticed Polyphemus
  3848 | D        | Noticed Ilsuiw
  3849 | D        | Killed Polyphemus
  3855 | D        | Killed Ilsuiw
  3860 | D        | Found Fuyph's Antique Weapon Shoppe.
  3860 | D        | Found Maiheag's Distillery.
  3860 | D        | Found Dymis's Jewellery Emporium.
  3860 | D        | Noticed a sea snake
  3860 | D        | Noticed a merfolk javelineer
  3862 | D        | Killed a sea snake
  3920 | D        | Killed a merfolk javelineer
  3937 | D        | Got a barnacled rune of Zot
  4055 | D        | Noticed an elephant
  4055 | D        | Noticed an elephant
  4055 | D        | Noticed a dire elephant
  4055 | D        | Noticed a dire elephant
  4055 | D        | Noticed Gastronok
  4057 | D        | Killed Gastronok
  4057 | D        | Reached XP level 13. HP: 55/55 MP: 33/33
  4058 | D        | Killed a dire elephant
  4058 | D        | Reached skill level 20 in Stealth
  4065 | D        | Killed a dire elephant
  4065 | D        | Reached skill level 15 in Short Blades
  4070 | D        | Killed an elephant
  4077 | D        | Killed an elephant
  4187 | D        | Noticed an orc high priest
  4188 | D        | Noticed an orc high priest
  4188 | D        | Noticed an orc warrior
  4188 | D        | Noticed an orc warrior
  4188 | D        | Noticed an orc sorcerer
  4188 | D        | Noticed an orc priest
  4188 | D        | Noticed an orc high priest
  4188 | D        | Noticed an orc priest
  4188 | D        | Noticed an orc warrior
  4188 | D        | Found a roughly hewn altar of Beogh.
  4188 | D        | Found Nukum's Food Shoppe.
  4198 | D        | Killed an orc warrior
  4203 | D        | Killed an orc priest
  4224 | D        | Killed an orc high priest
  4230 | D        | Killed an orc high priest
  4233 | D        | Killed an orc warrior
  4237 | D        | Killed an orc warrior
  4257 | D        | Killed an orc high priest
  4356 | D        | Killed an orc priest
  4365 | D        | Killed an orc sorcerer
  4868 | D        | Bought a book of Burglary for 975 gold pieces
  5028 | D        | Learned a level 3 spell: Passwall
  5033 | D        | Learned a level 4 spell: Passage of Golubria
  5039 | D        | Learned a level 5 spell: Lee's Rapid Deconstruction
  5046 | D        | Learned a level 6 spell: Darkness
  5053 | D        | Learned a level 6 spell: Invisibility
  5246 | D        | Noticed a deep elf knight
  5246 | D        | Noticed a deep elf knight
  5246 | D        | Noticed a deep elf knight
  5246 | D        | Noticed a deep elf conjurer
  5246 | D        | Noticed a deep elf knight
  5255 | D        | Killed a deep elf knight
  5258 | D        | Killed a deep elf knight
  5258 | D        | Reached skill level 1 in Translocations
  5258 | D        | Reached skill level 1 in Transmutations
  5294 | D        | Killed a deep elf knight
  5366 | D        | Killed a deep elf conjurer
  5366 | D        | Reached skill level 1 in Earth Magic
  5387 | D        | Killed a deep elf knight
  5425 | D        | Noticed a deep elf annihilator
  5564 | D        | Noticed a deep elf annihilator
  5567 | D        | Noticed a deep elf annihilator
  5572 | D        | Killed a deep elf annihilator
  5694 | D        | Killed a deep elf annihilator
  5725 | D        | Noticed a deep elf death mage
  5727 | D        | Killed a deep elf annihilator
  5727 | D        | Reached skill level 21 in Stealth
  5728 | D        | Noticed a deep elf annihilator
  5729 | D        | Noticed a deep elf blademaster
  5731 | D        | Killed a deep elf annihilator
  5731 | D        | Reached skill level 1 in Shields
  5761 | D        | Killed a yaktaur
  5872 | D        | Noticed a deep elf death mage
  5878 | D        | Killed a deep elf death mage
  6194 | D        | Killed a deep elf death mage
  6560 | D        | Got a sparkling marble ring
  6570 | D        | Identified Jonar's Sophisticated Theurgy
  6570 | D        | Identified the Reference Book on Translocation
  7053 | D        | Identified the ring "Byvuarog" {rF- MR+ Dex+4} (You found it in the Dungeon)
  7091 | D        | Learned a level 6 spell: Bolt of Cold
  7156 | D        | Killed a deep elf blademaster
  7426 | D        | Noticed Harold
  7426 | D        | Noticed Joseph
  7428 | D        | Killed Harold
  7428 | D        | Reached skill level 5 in Translocations
  7429 | D        | Killed Joseph
  7439 | D        | Noticed an orc priest
  7439 | D        | Noticed an orc priest
  7440 | D        | Noticed an orc high priest
  7440 | D        | Noticed an orc priest
  7441 | D        | Killed an orc priest
  7442 | D        | Killed an orc priest
  7444 | D        | Killed an orc priest
  7445 | D        | Killed an orc high priest
  7445 | D        | Reached skill level 5 in Transmutations
  7611 | D        | Noticed an orange crystal statue
  7665 | D        | Noticed a spriggan defender
  7666 | D        | Noticed a spriggan defender
  7666 | D        | Noticed a spriggan defender
  7666 | D        | Noticed a spriggan defender
  7675 | D        | Killed a spriggan defender
  7676 | D        | Killed a spriggan defender
  7715 | D        | Killed a spriggan defender
  7886 | D        | Noticed a crystal guardian
  7886 | D        | Noticed a crystal guardian
  7886 | D        | Noticed a crystal guardian
  7911 | D        | Killed a spriggan defender
  8169 | D        | Found Ynecsup's Jewellery Emporium.
  8169 | D        | Found Secequ's Food Shop.
  8169 | D        | Found Acoiqaq's Antique Weapon Shoppe.
  8169 | D        | Found Sytobbi's Distillery.
  8169 | D        | Found Zopte's Magic Scroll Emporium.
  8169 | D        | Found Idwec's Magic Scroll Shop.
  8169 | D        | Found Xumpuluwk's Gadget Emporium.
  8169 | D        | Found Quadeng's Antique Armour Boutique.
  8170 | D        | Found Mipil's Book Boutique.
  8170 | D        | Found Okuorri's Assorted Antiques.
  8170 | D        | Found Vuupp's Magic Scroll Shop.
  8170 | D        | Found Zyahiam's Distillery.
  8216 | D        | Noticed a crystal guardian
  8217 | D        | Killed a crystal guardian
  8238 | D        | Killed a crystal guardian
  8502 | D        | Noticed a fire elementalist statue
  8502 | D        | Noticed an earth elementalist statue
  8536 | D        | Killed a crystal guardian
  8574 | D        | Noticed a slime creature
  8576 | D        | Killed a slime creature
  8576 | D        | Reached XP level 14. HP: 25/59 MP: 26/36
  8613 | D        | Killed an orange crystal statue
  8638 | D        | Killed a crystal guardian
  8793 | D        | Noticed a lindwurm
  8794 | D        | Noticed a mana viper
  8795 | D        | Killed a mana viper
  8797 | D        | Killed a lindwurm
  8811 | D        | Noticed a red ugly thing
  8820 | D        | Killed a red ugly thing
  8991 | D        | Noticed a centaur warrior
  8993 | D        | Killed a centaur warrior
  9011 | D        | Noticed a cyan ugly thing
  9014 | D        | Killed a cyan ugly thing
  9018 | D        | Noticed a fire dragon
  9021 | D        | Killed a fire dragon
  9021 | D        | Reached skill level 22 in Stealth
  9050 | D        | Noticed a flail of protection
  9050 | D        | Noticed a scimitar of holy wrath
  9051 | D        | Noticed a mace of crushing
  9056 | D        | Noticed a flail of draining
  9257 | D        | Learned a level 6 spell: Poisonous Cloud
  9279 | D        | Killed a mace of crushing
  9284 | D        | Killed a flail of protection
  9606 | D        | Killed a scimitar of holy wrath
  9606 | D        | Reached skill level 1 in Poison Magic
  9606 | D        | Killed a flail of draining
  9606 | D        | Reached skill level 1 in Air Magic
  9623 | D        | Got a fine broad axe
 10024 | D        | Noticed a yaktaur captain
 10086 | D        | Noticed a yaktaur captain
 10086 | D        | Noticed a deep troll
 10086 | D        | Noticed a slime creature
 10087 | D        | Noticed a green ugly thing
 10087 | D        | Noticed a red ugly thing
 10087 | D        | Noticed a slime creature
 10088 | D        | Killed a deep troll
 10089 | D        | Killed a slime creature
 10091 | D        | Killed a red ugly thing
 10093 | D        | Killed a green ugly thing
 10095 | D        | Killed a slime creature
 10101 | D        | Killed a yaktaur captain
 11018 | D        | Noticed Chuck
 11026 | D        | Killed Chuck
 11227 | D        | Noticed Norris
 11233 | D        | Killed Norris
 11257 | D        | Noticed a deep troll
 11257 | D        | Noticed a lich
 11258 | D        | a deep troll changed into a mana viper
 11425 | D        | Killed a lich
 11425 | D        | Reached skill level 5 in Earth Magic
 11427 | D        | Noticed an ogre mage
 11439 | D        | Killed an ogre mage
 11561 | D        | Noticed a slime creature
 11565 | D        | Noticed a red ugly thing
 11565 | D        | Noticed a shadow dragon
 11566 | D        | Noticed a shadow dragon
 11566 | D        | Killed a shadow dragon
 11566 | D        | Reached skill level 23 in Stealth
 11567 | D        | Killed a red ugly thing
 11571 | D        | Killed a shadow dragon
 11573 | D        | Killed a slime creature
 11602 | D        | Noticed an obsidian statue
 11621 | D        | Killed an obsidian statue
 11787 | D        | Noticed a shadow dragon
 11787 | D        | Noticed a vault guard
 11787 | D        | Noticed a vault guard
 11874 | D        | Noticed a guardian mummy
 11876 | D        | Killed a guardian mummy
 11882 | D        | Noticed a vampire knight
 11895 | D        | Killed a vampire knight
 12154 | D        | Noticed a guardian mummy
 12156 | D        | Killed a guardian mummy
 12160 | D        | Noticed a necromancer
 12162 | D        | Killed a necromancer
 12191 | D        | Noticed a guardian mummy
 12193 | D        | Killed a guardian mummy
 12206 | D        | Noticed a necromancer
 12208 | D        | Killed a necromancer
 12227 | D        | Noticed a guardian mummy
 12229 | D        | Killed a guardian mummy
 12396 | D        | Noticed a necromancer
 12407 | D        | Killed a necromancer
 12458 | D        | Noticed a guardian mummy
 12460 | D        | Killed a guardian mummy
 12472 | D        | Noticed a vampire knight
 12486 | D        | Killed a vampire knight
 12742 | D        | Bought a scroll of enchant weapon for 75 gold pieces
 12742 | D        | Bought a scroll of magic mapping for 35 gold pieces
 12742 | D        | Bought a scroll of identify for 20 gold pieces
 12751 | D        | Bought a scroll of enchant armour for 75 gold pieces
 12751 | D        | Bought a scroll of enchant weapon for 75 gold pieces
 12754 | D        | Bought a scroll of enchant armour for 82 gold pieces
 12754 | D        | Bought a scroll of enchant armour for 82 gold pieces
 12763 | D        | Bought a scroll of identify for 22 gold pieces
 12763 | D        | Bought a scroll of identify for 22 gold pieces
 12768 | D        | Bought 2 scrolls of identify for 40 gold pieces
 12954 | D        | Bought a potion of flight for 33 gold pieces
 12956 | D        | Bought a potion of flight for 30 gold pieces
 13078 | D        | Slain by an azure jelly

Vault maps used:
D:        dungeon_sprint_mu

Action                   |  1- 3 |  4- 6 |  7- 9 | 10-12 | 13-15 || total
-------------------------+-------+-------+-------+-------+-------++-------
Melee: Dagger            |    30 |    18 |    24 |   130 |   198 ||   400
       Quick blade       |       |       |       |       |   140 ||   140
 Cast: Corona            |     2 |       |       |       |       ||     2
       Ensorcelled Hiber |     4 |     1 |       |    28 |     4 ||    37
       Dazzling Spray    |       |     7 |     9 |    56 |   130 ||   202
       Confuse           |       |       |     2 |       |     4 ||     6
       Lee's Rapid Decon |       |       |       |       |    28 ||    28
       Tukima's Dance    |       |       |       |       |    10 ||    10
       Passage of Golubr |       |       |       |       |     8 ||     8
       Bolt of Cold      |       |       |       |       |    24 ||    24
       Invisibility      |       |       |       |       |     1 ||     1
       Passwall          |       |       |       |       |     1 ||     1
Invok: Shadow Step       |       |       |       |    13 |    12 ||    25
 Abil: Evoke Invisibilit |       |     2 |     4 |     2 |     2 ||    10
  Use: Potion            |       |     6 |       |     1 |     3 ||    10
       Scroll            |       |     4 |       |       |    14 ||    18
 Stab: Sleeping          |     2 |     5 |    11 |    42 |    39 ||    99
       Invisible         |       |       |     2 |    18 |    17 ||    37
       Confused          |       |       |     1 |       |     1 ||     2
       Distracted        |       |       |       |       |     3 ||     3
  Eat: Bread ration      |       |       |     1 |       |     1 ||     2
       Royal jelly       |       |       |       |     1 |       ||     1
       Fruit             |       |       |       |       |     9 ||     9
